 Dungeon Crawl Stone Soup version 0.21-a0-91-ga5031da (webtiles) character file.

395844 namelastname112 the Unseen (level 22, -10/155 HPs)
             Began as a Green Draconian Assassin on June 27, 2017.
             Was the Champion of Dithmenos.
             Killed by the air
             ... invoked by a titan
              (44 damage)
             ... on level 4 of the Vaults on June 29, 2017.
             The game lasted 03:29:03 (71936 turns).

namelastname112 the Unseen (DrAs)                  Turns: 71936, Time: 03:29:04

Health: -10/155    AC: 17    Str: 20    XL:     22   Next: 18%
Magic:  36/36      EV: 23    Int: 13    God:    Dithmenos [******]
Gold:   3905       SH:  7    Dex: 20    Spells: 6/42 levels left

rFire    + + .     SeeInvis +   j - +7 quick blade of Tuggonk {distort, rC- Str+4 Stlth+}
rCold    + . .     Gourm    +   l - +1 buckler {reflect}
rNeg     . . .     Faith    .   (armour unavailable)
rPois    +         Spirit   .   p - +2 hat
rElec    +         Reflect  +   H - scarf {rC+ rF+}
rCorr    .         Harm     .   U - +2 pair of gloves {Str+3}
MR       ++...                  X - +0 pair of boots
Stlth    ++++++++++             d - amulet of Conwuano {Gourm rElec rPois MR+}
HPRegen  0.35/turn              a - ring "Qafue" {Wiz rF+ rC+ Slay-2}
MPRegen  0.25/turn              m - ring of see invisible

@: flying, very slightly contaminated, wreathed by umbra, heavily drained
A: breathe noxious fumes, unfitting armour, antennae 1, big wings, stinger 1,
dopey 1, frail 2, mutation resistance 1, poison resistance, cold-blooded, AC +11
}: 2/15 runes: abyssal, gossamer
a: Breathe Noxious Fumes, Stop Flying, Shadow Step, Shadow Form, Renounce
Religion


You were on level 4 of the Vaults.
You worshipped Dithmenos.
Dithmenos was exalted by your worship.
You were not hungry.

You visited 8 branches of the dungeon, and saw 37 of its levels.
You visited the Abyss 2 times.
You also visited: Trove, Ice Cave and Desolation.

You collected 5267 gold pieces.
You spent 1362 gold pieces at shops.

Inventory:

Hand Weapons
 b - a +0 blowgun
 j - the +7 quick blade of Tuggonk (weapon) {distort, rC- Str+4 Stlth+}
   (You found it in the Desolation of Salt)

   It warps and distorts space around it.
   Unwielding it can cause banishment or high damage.
   It affects your strength (+4).
   It makes you vulnerable to cold.
   It makes you more stealthy.
Missiles
 c - 117 poisoned needles
 e - 11 curare-tipped needles
 D - 11 needles of sleeping
 N - 6 poisoned javelins (quivered)
 T - 2 throwing nets
Armour
 l - a +1 buckler of reflection (worn)
 p - a +2 hat (worn)
 H - a scarf of resistance (worn)
 U - a +2 pair of gloves of strength (worn)
 X - a +0 pair of boots (worn)
Jewellery
 a - the ring "Qafue" (left hand) {Wiz rF+ rC+ Slay-2}
   (You found it in the Desolation of Salt)

   [ring of wizardry]

   It improves your spell success rate.
   It affects your accuracy and damage with ranged weapons and melee attacks
   (-2).
   It protects you from fire.
   It protects you from cold.
 d - the amulet of Conwuano (around neck) {Gourm rElec rPois MR+}
   (You found it in a treasure trove)

   [amulet of the gourmand]

   It allows you to eat raw meat even when not hungry.
   It insulates you from electricity.
   It protects you from poison.
   It affects your resistance to hostile enchantments.
 m - a ring of see invisible (right hand)
 x - the ring "Viubinodo" {Fire Str+4 Dex+6}
   (You found it in a treasure trove)

   [ring of fire]

   It enhances your fire magic.
   It affects your strength (+4).
   It affects your dexterity (+6).
   It protects you from fire.
   It makes you vulnerable to cold.
Wands
 i - a wand of iceblast (6/15)
 o - a wand of iceblast (2/15)
 s - a wand of digging (6/24)
 v - a wand of paralysis (4/24)
 y - a wand of lightning (6/15)
 A - a wand of paralysis (6/24)
 E - a wand of polymorph (14/24)
 P - a wand of acid (8/15)
Scrolls
 r - a scroll of brand weapon
 u - 7 scrolls of fog
 w - 7 scrolls of fear
 B - 2 scrolls of blinking
 I - a scroll of silence
 L - 2 scrolls of enchant armour
 M - 6 scrolls of identify
 O - 7 scrolls of recharging
 Q - 7 scrolls of remove curse
 S - a scroll of magic mapping
Potions
 g - 4 potions of resistance
 h - 5 potions of haste
 k - 3 potions of ambrosia
 n - 9 potions of curing
 q - 3 potions of agility
 t - 3 potions of might
 z - 3 potions of berserk rage
 F - 5 potions of brilliance
 J - a potion of cancellation
 K - 2 potions of invisibility
 V - a potion of magic
Miscellaneous
 R - a lightning rod (4/4)
 W - a fan of gales
 Z - 2 sacks of spiders
Comestibles
 f - 22 bread rations
 C - a meat ration
 G - 33 fruits
 Y - a royal jelly


   Skills:
 + Level 15.8(13.7) Fighting
 - Level 12.3(10.3) Short Blades
 - Level 5.7(4.1) Throwing
 + Level 14.8(12.7) Dodging
 + Level 16.8(14.7) Stealth
 - Level 6.4(4.7) Shields
 - Level 10.5(8.6) Spellcasting
 * Level 15.4(13.3) Hexes
 - Level 11.0(9.1) Charms
 - Level 10.0(8.1) Translocations
 - Level 6.8(5.1) Air Magic
 - Level 8.1(6.4) Evocations


You had 6 spell levels left.
You knew the following spells:

 Your Spells              Type           Power        Failure   Level  Hunger
a - Invisibility          Hex            #####...     3%          6    #######
b - Blink                 Tloc           N/A          1%          2    None
c - Passage of Golubria   Tloc           N/A          1%          4    ####...
d - Deflect Missiles      Chrm/Air       ###.......   38%         6    #######
e - Apportation           Tloc           ####..       1%          1    None
f - Silence               Hex/Air        ####......   3%          5    #####..
g - Tukima's Dance        Hex            #####...     1%          3    ##.....
h - Regeneration          Chrm/Necr      ###.......   2%          3    ##.....
i - Spectral Weapon       Hex/Chrm       ####....     1%          3    ##.....
x - Dazzling Spray        Conj/Hex       ###...       1%          3    ##.....


Dungeon Overview and Level Annotations

Branches:
Dungeon (15/15)            Temple (1/1) D:5            Lair (6/6) D:8
  Swamp (2/4) Lair:4       Spider (4/4) Lair:4        Slime (0/5) Lair:5
    Orc (2/2) D:9             Elf (3/3) Orc:2        Vaults (4/5) D:14
  Crypt (0/3) Vaults:3     Depths (0/5) D:15

Altars:
Ashenzari
Cheibriados
Dithmenos
Elyvilon
Fedhas
Gozag
Hepliaklqana
Kikubaaqudgha
Makhleb
Nemelex Xobeh
Okawaru
Qazlal
Ru
Sif Muna
Trog
Uskayaw
Vehumet
Wu Jian
Xom
Yredelemnul
Zin
The Shining One
Beogh

Shops:
D:9 %   D:13 !   Orc:2 :*==([*::   Elf:1 *   Vaults:2 (   Vaults:4 (

Annotations:
D:6 4thArraOfDagon's ghost, amateur FeIE


Innate Abilities, Weirdness & Mutations

You can breathe blasts of noxious fumes.
Your lurid green scales are hard. (AC +11)
You cannot fit into any form of body armour.
Your tail ends in a poisonous barb.
Your system is resistant to poisons. (rPois)
You are cold-blooded and may be slowed by cold attacks.
You have a pair of small antennae on your head.
Your large and strong wings let you fly indefinitely.
You are dopey. (Int -2)
You are very frail. (-20% HP)
You are somewhat resistant to further mutation.


Message History

As you read the scroll of blinking, it crumbles to dust.
You hear a snapping sound.
You start resting.
Magic restored.
MP restored: 36 You start resting.
You regained 4 hp, and now have 12/155 hp.
You are confused.
You feel invigorated.
You regained 3 hp, and now have 15/155 hp.
You regained 4 hp, and now have 19/155 hp.
You regained 3 hp, and now have 22/155 hp.
You regained 4 hp, and now have 26/155 hp.
You're too confused!
You regained 4 hp, and now have 30/155 hp.
You feel less invigorated.
You feel less confused.
The titan waves its arms in wide circles.
The air twists around and violently strikes you in flight!
You die...

.)..##......#
##)####'#####
..).........#
......#.....#
#..##.##....#
##........#.#
.C..[......{#
##'###############
...§..........C.@#
.................#
.................#
.................#
##################
### #######
#.###.....#
##..####..##


You could see a titan.

Vanquished Creatures
  Mara (Spider:4)
  Arachne (Spider:2)
  Asterion (Spider:2)
  3 deep elf blademasters
  3 deep elf master archers (Elf:3)
  Agnes (Spider:4)
  Kirke (Elf:1)
  2 tengu reavers
  A fire giant (Vaults:4)
  Donald (Elf:2)
  2 ghost moths (Spider:4)
  4 deep elf sorcerers
  3 frost giants
  2 imperial myrmidons (Desolation)
  Aizul (Vaults:1)
  4 vault wardens
  An orc warlord (Orc:2)
  4 emperor scorpions (Spider:4)
  3 deep elf elementalists (Elf:3)
  A vampire knight (D:14)
  3 very ugly things
  7 ironheart preservers
  5 stone giants (Vaults:2)
  An entropy weaver (Spider:4)
  4 spark wasps
  9 deep elf annihilators
  2 deep elf demonologists (Elf:3)
  A halazid warlock (Desolation)
  6 ettins
  2 crystal guardians
  4 deep elf death magi
  10 yaktaur captains
  3 deep elf high priests (Elf:3)
  2 ragged hierophants
  5 fire dragons
  10 servants of whispers (Desolation)
  2 rakshasas
  3 great orbs of eyes
  11 vault guards
  8 peacekeepers (Desolation)
  11 hydras
  A merfolk avatar (Lair:6)
  33 two-headed ogres
  Erica (D:8)
  13 centaur warriors
  25 dancing weapons
  8 death scarabs (Spider:4)
  2 death knights
  10 ogre magi
  3 tengu warriors
  A thrashing horror (Abyss:3)
  Urug (D:14)
  2 orc high priests
  22 deep elf knights
  18 skeletal warriors
  A fire crab (D:15)
  A wretched star (Abyss:3)
  A shadow wraith (Vaults:4)
  A fire crab (shapeshifter) (Vaults:1)
  3 deep trolls (Vaults:1)
  3 unseen horrors
  A swamp dragon (shapeshifter) (D:15)
  A glowing orange brain (Vaults:2)
  A flayed ghost (Abyss:3)
  14 ironbrand convokers
  4 necromancers
  13 deep elf archers
  4 lindwurms (Lair:3)
  8 wizards
  3 wolf spider zombies (Spider:4)
  2 spectral wolf spiders (Spider:4)
  18 orb spiders
  2 phantasmal warriors (Vaults:4)
  A mana viper (shapeshifter) (D:12)
  14 orc knights
  2 human zombies (Vaults:2)
  4 oklob plants (Lair:6)
  34 wolf spiders
  2 fauns (shapeshifter)
  45 ugly things
  3 manticores
  5 orc sorcerers
  13 cyclopes
  63 deep elf magi
  4 moths of wrath
  A worldbinder (Abyss:3)
  20 elephants
  4 human skeletons
  6 guardian serpents
  A fire giant skeleton (Vaults:3)
  11 vault sentinels
  6 black mambas
  A smoke demon (Abyss:3)
  2 torpor snails
  2 gargoyles
  A molten gargoyle (Desolation)
  16 spiny frogs
  2 spectral redbacks (Spider:4)
  A yaktaur zombie (Vaults:3)
  8 komodo dragons
  34 yaktaurs
  4 rime drakes (Lair:6)
  A yaktaur (shapeshifter) (D:15)
  16 demonic crawlers
  A kobold demonologist (D:15)
  A redback zombie (Spider:4)
  3 efreet (D:15)
  4 freezing wraiths
  A tengu conjurer (D:15)
  A harpy zombie (D:15)
  A silent spectre (Abyss:3)
  9 trolls
  A queen bee (shapeshifter) (Vaults:1)
  47 jumping spiders
  A meliai (D:14)
  11 hornets
  A merfolk (shapeshifter) (Vaults:2)
  6 blink frogs
  A hornet (shapeshifter) (D:14)
  A spectral tarantella (Spider:4)
  A tengu simulacrum (Vaults:3)
  3 jumping spider zombies (Spider:4)
  56 saltlings
  19 polar bears
  17 slime creatures
  A blink frog (shapeshifter) (D:15)
  A spectral jumping spider (Spider:4)
  An ettin zombie (Vaults:3)
  9 hippogriffs
  2 bog bodies
  A meliai zombie (D:9)
  A frost giant simulacrum (Vaults:3)
  5 dream sheep (Lair:6)
  4 tarantella zombies (Spider:4)
  5 air elementals
  5 shadows
  3 wraiths
  Sigmund (D:6)
  A centaur simulacrum (D:14)
  A ynoxinul (Abyss:3)
  3 ettin skeletons
  40 tarantellas
  68 redbacks
  4 water elementals
  9 wyverns
  49 yaks
  A hog (Elf:1)
  17 humans (D:14)
  7 fire elementals
  2 hungry ghosts
  7 basilisks
  A neqoxec (Abyss:3)
  8 vampire mosquitoes
  A human simulacrum (Vaults:1)
  Edmund (D:6)
  6 wargs
  3 large abominations (Abyss:3)
  2 acid dragons
  A soldier ant (D:14)
  2 hell hounds (D:8)
  5 swamp worms (Swamp:1)
  17 water moccasins
  5 floating eyes
  4 porcupines
  A spectral hornet (Spider:4)
  2 swamp drakes
  53 orc warriors
  6 sky beasts
  2 ice beasts (D:15)
  A hornet zombie (Spider:4)
  29 ogres
  2 phantoms (D:5)
  2 eyes of draining (shapeshifter)
  7 necrophages
  8 boggarts
  23 wolves
  27 centaurs
  16 crocodiles
  4 big kobolds
  Blork the orc (D:6)
  28 bullfrogs
  A small abomination (Abyss:3)
  An earth elemental (Elf:2)
  A scorpion (D:6)
  21 wights
  2 elf simulacra
  8 killer bees
  2 electric eels (D:14)
  2 howler monkeys
  4 bullfrog zombies
  4 crimson imps
  4 centaur zombies
  A quasit (D:15)
  5 hounds
  29 orc wizards
  31 orc priests
  2 bullfrog skeletons
  6 jellies
  10 centaur skeletons
  5 iguanas
  Natasha (thrice) (D:3)
  Terence (D:3)
  Ijyb (D:3)
  8 worker ants
  2 hound zombies
  2 worker ant zombies (D:5)
  11 gnolls
  14 adders
  3 shadow imps
  12 white imps (Orc:2)
  An ooze (D:7)
  An adder skeleton (D:6)
  2 worms (D:2)
  6 leopard geckos
  117 orcs
  5 giant cockroaches
  7 goblins
  9 hobgoblins
  6 jackals (D:3)
  30 kobolds
  7 quokkas
  2 ball pythons (D:3)
  8 bats
  5 frilled lizards
  A jackal skeleton (D:5)
  8 rats
  3 butterflies
  2 crawling corpses (Elf:3)
1815 creatures vanquished.

Vanquished Creatures (collateral kills)
  2 frost giants
  3 vault wardens
  An entropy weaver (Vaults:4)
  A great orb of eyes (Vaults:3)
  A dancing weapon (Vaults:4)
  2 elephants (Lair:3)
  A vault sentinel (Vaults:4)
  A yaktaur (Vaults:4)
  A hippogriff (Lair:3)
  A fungus (Lair:3)
14 creatures vanquished.

Vanquished Creatures (others)
  A tentacled monstrosity (Vaults:4)
  A shadow dragon (Vaults:4)
  Roxanne (Elf:3)
  A fire giant (Vaults:4)
  A deep elf sorcerer (Elf:3)
  A vault warden (Vaults:3)
  A ghoul (Vaults:4)
  3 ironheart preservers (Vaults:4)
  A very ugly thing (Vaults:3)
  A stone giant (Vaults:3)
  A deep elf annihilator (Vaults:4)
  A deep elf death mage (Vaults:4)
  A fire dragon (Vaults:3)
  A ragged hierophant (Desolation)
  An ettin (Abyss:3)
  A servant of whispers (Desolation)
  A rakshasa (Vaults:1)
  An ice dragon (Vaults:3)
  3 vault guards (Vaults:4)
  A peacekeeper (Desolation)
  A centaur warrior (Vaults:3)
  6 two-headed ogres
  An ogre mage (Vaults:4)
  An orc high priest (Vaults:3)
  A skeletal warrior (Vaults:3)
  A shadow wraith (Vaults:2)
  2 ironbrand convokers (Vaults:4)
  A glowing orange brain (Vaults:4)
  4 orc knights (Vaults:3)
  A lindwurm (shapeshifter) (Vaults:4)
  A cyclops (D:13)
  5 ugly things
  A deep elf mage (Vaults:2)
  A vault sentinel (Vaults:2)
  A torpor snail (Spider:4)
  A stone giant skeleton (Vaults:3)
  A guardian serpent (D:11)
  A large abomination (Abyss:3)
  A freezing wraith (Vaults:2)
  6 yaktaurs
  A queen bee (shapeshifter) (Vaults:3)
  7 saltlings (Desolation)
  8 dancing weapons
  2 slime creatures (Vaults:3)
  A flying skull (Abyss:3)
  A tarantella (Vaults:4)
  2 humans (Elf:1)
  2 orc warriors
  A boggart (Vaults:1)
  3 ogres
  A bullfrog (D:15)
  A jelly (D:11)
  An orc priest (Vaults:1)
  2 orc wizards
  An ufetubus (Abyss:3)
  An orc (Vaults:4)
  20 fungi
  35 plants
152 creatures vanquished.

Grand Total: 1981 creatures vanquished

Notes
Turn   | Place    | Note
-------+----------+-------------------------------------------
     0 | D:1      | namelastname112 the Draconian Assassin began the quest for the Orb.
     0 | D:1      | Reached XP level 1. HP: 17/17 MP: 1/1
   164 | D:1      | Reached skill level 1 in Dodging
   284 | D:1      | Reached XP level 2. HP: 12/25 MP: 2/2
   650 | D:2      | Reached XP level 3. HP: 30/30 MP: 3/3
   671 | D:2      | Reached skill level 4 in Stealth
  1337 | D:2      | Reached XP level 4. HP: 37/37 MP: 4/4
  1847 | D:3      | Reached XP level 5. HP: 31/44 MP: 5/5
  1953 | D:3      | Noticed Natasha
  2032 | D:3      | Killed Natasha
  2092 | D:3      | Noticed Natasha
  2233 | D:3      | Noticed Ijyb
  2252 | D:3      | Killed Natasha
  2269 | D:3      | Killed Ijyb
  2407 | D:3      | Noticed Natasha
  2422 | D:3      | Killed Natasha
  2633 | D:3      | Noticed Terence
  2643 | D:3      | Reached XP level 6. HP: 33/51 MP: 6/6
  2687 | D:3      | Killed Terence
  2710 | D:3      | Reached skill level 5 in Stealth
  2909 | D:3      | Found a glowing golden altar of the Shining One.
  2909 | D:3      | Found a white marble altar of Elyvilon.
  2911 | D:3      | Found a glowing silver altar of Zin.
  3828 | D:4      | Your scales start taking on a lurid green colour.
  3828 | D:4      | Reached XP level 7. HP: 38/57 MP: 7/7
  3828 | D:4      | Gained mutation: Your system is resistant to poisons. (rPois) [Green Draconian growth]
  4079 | D:5      | Entered Level 5 of the Dungeon
  4653 | D:5      | HP: 1/57 [phantom (6)]
  5131 | D:5      | Found a staircase to the Ecumenical Temple.
  5203 | D:5      | Reached skill level 6 in Stealth
  5216 | Temple   | Entered the Ecumenical Temple
  5452 | Temple   | Became a worshipper of Dithmenos the Shadowed
  5786 | D:5      | Reached XP level 8. HP: 40/66 MP: 8/8
  6002 | D:5      | Reached skill level 5 in Short Blades
  6073 | D:5      | Found a deep blue altar of Sif Muna.
  6210 | D:6      | Noticed Edmund
  6227 | D:6      | Killed Edmund
  6465 | D:6      | Noticed Blork the orc
  6483 | D:6      | Killed Blork the orc
  6483 | D:6      | Reached skill level 7 in Stealth
  6522 | D:6      | Noticed 4thArraOfDagon's ghost (amateur FeIE)
  6548 | D:6      | Reached * piety under Dithmenos
  6932 | D:6      | Noticed Sigmund
  6955 | D:6      | Killed Sigmund
  6955 | D:6      | Reached skill level 5 in Fighting
  6955 | D:6      | Reached XP level 9. HP: 68/74 MP: 9/9
  7685 | D:8      | Noticed a two-headed ogre
  7694 | D:8      | Killed a two-headed ogre
  7694 | D:8      | Reached skill level 5 in Throwing
  7694 | D:8      | Reached skill level 5 in Dodging
  7694 | D:8      | Reached skill level 8 in Stealth
  7762 | D:8      | Reached ** piety under Dithmenos
  7765 | D:8      | Found a staircase to the Lair.
  7966 | D:8      | Noticed a cyclops
  7981 | D:8      | Killed a cyclops
  7981 | D:8      | Reached XP level 10. HP: 58/83 MP: 10/10
  8106 | D:8      | Upgraded the game from 0.21-a0-88-g13b9641 to 0.21-a0-91-ga5031da
  8432 | D:8      | Noticed Erica
  8437 | D:8      | Killed Erica
  8437 | D:8      | Reached skill level 9 in Stealth
  8765 | D:9      | Found Arona's Food Boutique.
  8959 | D:9      | Reached *** piety under Dithmenos
  9263 | D:9      | Found a stormy altar of Qazlal.
  9263 | D:9      | Found an ancient bone altar of Kikubaaqudgha.
  9268 | D:9      | Found a burning altar of Makhleb.
  9270 | D:9      | Found a sacrificial altar of Ru.
  9271 | D:9      | Found an opulent altar of Gozag.
  9273 | D:9      | Gained mutation: Your spells are a little harder to cast, but a little more powerful. [mutagenic meat]
  9274 | D:9      | Gained mutation: Scrolls take you a little longer to read. [mutagenic meat]
  9342 | D:9      | Found a staircase to the Orcish Mines.
  9797 | D:10     | Entered Level 10 of the Dungeon
  9986 | D:10     | Learned a level 3 spell: Dazzling Spray
 10202 | D:10     | Found a portal to a secret trove of treasure.
 10311 | D:10     | Reached skill level 1 in Spellcasting
 10311 | D:10     | Reached skill level 1 in Hexes
 10483 | D:11     | Identified The Foundations of Thaumaturgy
 10490 | D:11     | Learned a level 2 spell: Blink
 10548 | D:11     | epen: лыш
 10548 | D:11     | epen: Слыш
 10548 | D:11     | epen: Ты это
 10548 | D:11     | epen: Шапку пропустил
 10548 | D:11     | namelastname112: нет
 10594 | D:11     | epen: а
 10650 | D:11     | epen: не отображается почему-то
 10889 | D:11     | Lost mutation: Your spells are a little harder to cast, but a little more powerful. [potion of mutation]
 10889 | D:11     | Lost mutation: Scrolls take you a little longer to read. [potion of mutation]
 10889 | D:11     | Gained mutation: You are frail. (-10% HP) [potion of mutation]
 10889 | D:11     | Gained mutation: Your large and strong wings let you fly indefinitely. [potion of mutation]
 10971 | D:11     | Reached XP level 11. HP: 48/82 MP: 14/14
 11613 | D:11     | Noticed a skeletal warrior
 11613 | D:11     | Noticed a skeletal warrior
 11613 | D:11     | Noticed a skeletal warrior
 11614 | D:11     | Noticed a skeletal warrior
 11691 | Lair:1   | Entered Level 1 of the Lair of Beasts
 11691 | Lair:1   | Noticed a six-headed hydra
 11700 | Lair:1   | Killed a six-headed hydra
 11761 | Lair:1   | Reached **** piety under Dithmenos
 12802 | Lair:1   | Noticed an eight-headed hydra
 12817 | Lair:1   | Killed an eight-headed hydra
 12817 | Lair:1   | Reached skill level 5 in Spellcasting
 12817 | Lair:1   | Reached skill level 5 in Hexes
 13617 | Lair:1   | Noticed a six-headed hydra
 13626 | Lair:1   | Killed a six-headed hydra
 14156 | Lair:2   | Reached XP level 12. HP: 92/92 MP: 19/21
 15117 | Lair:3   | Reached ***** piety under Dithmenos
 16281 | Lair:3   | Identified the Incunabulum of Lucky Battle Magic
 17113 | Lair:4   | Found a staircase to the Swamp.
 17261 | Lair:4   | Noticed an eight-headed hydra
 17269 | Lair:4   | Killed an eight-headed hydra
 17349 | Lair:4   | Found a hole to the Spider Nest.
 17508 | Lair:4   | Reached XP level 13. HP: 91/101 MP: 18/25
 18012 | Lair:5   | Reached skill level 10 in Fighting
 19001 | Lair:5   | Found a staircase to the Slime Pits.
 19136 | Lair:6   | Entered Level 6 of the Lair of Beasts
 19979 | Orc:1    | Entered Level 1 of the Orcish Mines
 20123 | Orc:2    | Entered Level 2 of the Orcish Mines
 20123 | Orc:2    | Found Wuab's Book Shop.
 20124 | Orc:2    | Found a frozen archway.
 20225 | IceCv    | Entered an ice cave
 20713 | IceCv    | Noticed a frost giant
 20795 | IceCv    | Killed a frost giant
 21172 | IceCv    | Reached ****** piety under Dithmenos
 21299 | IceCv    | Got an ichor-stained halberd
 21300 | IceCv    | Identified the +4 halberd of Eternal Harmony {speed, rPois} (You found it in an ice cave)
 21871 | IceCv    | Reached skill level 10 in Hexes
 21948 | Orc:2    | Reached skill level 10 in Spellcasting
 22220 | Orc:2    | Found Junon's Jewellery Shoppe.
 22222 | Orc:2    | Found Fuavosocont's Jewellery Shoppe.
 22242 | Orc:2    | Found Kuich's Book Boutique.
 22301 | Orc:2    | Found Fadig's Assorted Antiques.
 22579 | Orc:2    | Found a roughly hewn altar of Beogh.
 22580 | Orc:2    | Found Deiceam's Book Emporium.
 22860 | Orc:2    | Found a roughly hewn altar of Beogh.
 22863 | Orc:2    | Found Vaenizepp's General Store.
 22932 | Orc:2    | Found a staircase to the Elven Halls.
 22985 | Orc:2    | Found a roughly hewn altar of Beogh.
 23063 | Orc:2    | Found a roughly hewn altar of Beogh.
 23425 | Orc:2    | Gained mutation: Your tail ends in a poisonous barb. [Green Draconian growth]
 23425 | Orc:2    | Reached XP level 14. HP: 108/108 MP: 23/28
 23523 | Orc:2    | Noticed an orc warlord
 23937 | Orc:2    | Killed an orc warlord
 23971 | Orc:2    | Found Odeatonoid's Antique Weapon Shoppe.
 23972 | Orc:2    | Found a roughly hewn altar of Beogh.
 24371 | Orc:2    | Found Jestryd's Antique Armour Emporium.
 24396 | Orc:2    | Bought a runed dagger for 140 gold pieces
 25446 | Orc:2    | Bought a book of Burglary for 1125 gold pieces
 25453 | Orc:2    | Learned a level 6 spell: Invisibility
 25862 | D:11     | Found an opulent altar of Gozag.
 26286 | D:12     | Learned a level 1 spell: Apportation
 26587 | D:12     | Gained mutation: Your muscles are strong. (Str +2) [mutagenic meat]
 26588 | D:12     | Gained mutation: You have a pair of small antennae on your head. [mutagenic meat]
 26589 | D:12     | Gained mutation: You are somewhat resistant to further mutation. [mutagenic meat]
 26752 | D:12     | Reached skill level 10 in Stealth
 26752 | D:12     | Reached skill level 1 in Translocations
 27974 | D:13     | Found Atipus's Distillery.
 29317 | D:14     | Reached skill level 10 in Short Blades
 30262 | D:14     | Found a gate to the Vaults.
 30302 | D:14     | Noticed Urug
 30309 | D:14     | Killed Urug
 30701 | D:14     | Reached skill level 11 in Stealth
 30701 | D:14     | Reached XP level 15. HP: 67/115 MP: 26/29
 31081 | D:14     | Reached skill level 10 in Dodging
 32362 | D:14     | Got a slimy cloak
 32375 | D:14     | Identified the +0 cloak of Xijeh {Regen+ Str-4 Dex+2} (You found it on level 14 of the Dungeon)
 32652 | D:15     | Entered Level 15 of the Dungeon
 32940 | D:15     | Got a warped jade ring
 32944 | D:15     | Identified the cursed ring of Uxorol {rPois Int-3} (You found it on level 15 of the Dungeon)
 33390 | D:15     | Got a brightly glowing steel ring
 33391 | D:15     | Identified the ring "Huwel" {Ice rElec MR+ Str+2} (You found it on level 15 of the Dungeon)
 33588 | D:15     | Found a staircase to the Depths.
 33588 | D:15     | Noticed a frost giant
 33594 | D:15     | Killed a frost giant
 34127 | D:15     | Got a pitted amber ring
 34130 | D:15     | Identified the ring "Temah" {Int+4 SInv Stlth-} (You found it on level 15 of the Dungeon)
 34255 | D:15     | Noticed a frost giant
 34258 | D:15     | Killed a frost giant
 34298 | D:15     | Found a shimmering altar of Xom.
 34408 | D:15     | Reached skill level 5 in Translocations
 34707 | D:15     | Found a sparkling altar of Nemelex Xobeh.
 34779 | D:15     | Reached skill level 12 in Stealth
 34916 | D:15     | Noticed a tengu reaver
 35132 | D:15     | Killed a tengu reaver
 35291 | D:15     | Reached XP level 16. HP: 66/124 MP: 22/30
 35689 | D:15     | Learned a level 4 spell: Passage of Golubria
 36034 | D:15     | Found a snail-covered altar of Cheibriados.
 39064 | Lair:6   | Paralysed by a hornet for 2 turns
 39976 | Lair:6   | Reached skill level 13 in Stealth
 40313 | Elf:1    | Entered Level 1 of the Elven Halls
 40652 | Elf:1    | Noticed Kirke
 40669 | Elf:3    | Entered Level 3 of the Elven Halls
 41028 | Elf:2    | Noticed Donald
 41040 | Elf:2    | Killed Donald
 41268 | Elf:2    | Reached XP level 17. HP: 133/133 MP: 31/31
 41620 | Elf:2    | Reached skill level 1 in Shields
 41721 | Elf:2    | Found a runed gate.
 41721 | Elf:2    | Found a runed gate.
 41722 | Elf:2    | Found a runed gate.
 42004 | Elf:2    | Reached skill level 5 in Shields
 42084 | Elf:2    | Noticed a deep elf blademaster
 42320 | Elf:2    | Killed a deep elf blademaster
 42327 | Elf:2    | Reached skill level 1 in Evocations
 43725 | Elf:1    | Reached skill level 14 in Stealth
 43949 | Elf:1    | Killed Kirke
 44315 | Elf:1    | Found Arho's General Store.
 44323 | Elf:1    | Bought a scroll of blinking for 97 gold pieces
 45422 | Spider:1 | Entered Level 1 of the Spider Nest
 46643 | Spider:1 | Reached XP level 18. HP: 126/140 MP: 27/32
 46877 | Spider:2 | Noticed Asterion
 46892 | Spider:2 | Killed Asterion
 46892 | Spider:2 | Reached skill level 5 in Evocations
 47460 | Spider:2 | Noticed Arachne
 47470 | Spider:2 | Killed Arachne
 48929 | Spider:4 | Entered Level 4 of the Spider Nest
 50186 | Swamp:1  | Entered Level 1 of the Swamp
 51227 | Elf:3    | Noticed Roxanne
 51246 | Elf:3    | Killed Roxanne
 51874 | Elf:3    | Reached skill level 15 in Stealth
 52402 | Elf:3    | Cast into level 2 of the Abyss (a deep elf demonologist)
 52421 | Elf:3    | Escaped the Abyss
 52428 | Elf:3    | Got a flickering platinum ring
 52431 | Elf:3    | Identified the ring "Weesog" {-Tele rElec rC+ Str+4 Int-3 Stlth+} (You took it off a deep elf demonologist on level 3 of the Elven Halls)
 53132 | Elf:3    | Got a pitted short sword {drain}
 53134 | Elf:3    | Identified the +6 short sword "Qyomaigh" {drain, Str+4} (You took it off a deep elf annihilator on level 3 of the Elven Halls)
 53809 | Elf:3    | Reached XP level 19. HP: 95/149 MP: 27/33
 54092 | Elf:3    | Learned a level 6 spell: Deflect Missiles
 54098 | Elf:3    | Learned a level 5 spell: Silence
 54105 | Elf:3    | Learned a level 3 spell: Tukima's Dance
 54634 | Spider:4 | Reached skill level 1 in Charms
 55330 | Spider:4 | Noticed Agnes
 55352 | Spider:4 | Killed Agnes
 55524 | Spider:4 | Reached skill level 5 in Charms
 55735 | Spider:4 | Noticed Mara
 55743 | Spider:4 | Killed Mara
 57448 | Spider:4 | Got a gossamer rune of Zot
 57983 | Vaults:1 | Entered Level 1 of the Vaults
 58030 | Vaults:1 | Reached skill level 10 in Charms
 59076 | Vaults:1 | Reached skill level 1 in Air Magic
 59086 | Vaults:1 | Reached XP level 20. HP: 133/155 MP: 28/34
 60196 | Vaults:1 | Noticed Aizul
 60221 | Vaults:1 | Killed Aizul
 61028 | Vaults:2 | Found a ruined gateway.
 61032 | Desolati | Entered the Desolation of Salt
 61156 | Desolati | Reached skill level 5 in Air Magic
 61187 | Desolati | Identified the Guide on Shifting Poisoning
 61368 | Desolati | Got an ichor-stained rapier
 61369 | Desolati | Identified the cursed +0 rapier of the Orcish Mines {pierce, rF+ Dex-4 SInv} (You found it in the Desolation of Salt)
 61597 | Desolati | Identified the Reference Book on Moulding
 61952 | Desolati | Got a slimy quick blade {distort}
 61953 | Desolati | Identified the +7 quick blade of Tuggonk {distort, rC- Str+4 Stlth+} (You found it in the Desolation of Salt)
 61968 | Desolati | Identified Egoc's Disquisition on Feathers
 61976 | Desolati | Identified the Guide on Displacement
 61982 | Desolati | epen: давай
 61982 | Desolati | namelastname112: пиздец спеллы
 62158 | Desolati | epen: ну как?
 62160 | Desolati | epen: весело?
 62163 | Desolati | namelastname112: что это за мобы блять
 62163 | Desolati | namelastname112: тут еще и нонливинг почти все
 62369 | Desolati | Got a crude steel ring
 62370 | Desolati | Identified the ring "Qafue" {Wiz rF+ rC+ Slay-2} (You found it in the Desolation of Salt)
 62409 | Desolati | epen: Как же клёво тут наверное без рэлека бегать
 62422 | Desolati | namelastname112: ну да
 62422 | Desolati | namelastname112: прикольно
 62584 | Desolati | epen: блять
 62617 | Desolati | epen: вот почему люди не любят пиццу с ананасами?
 62640 | Desolati | epen: охуенная же пицца
 62644 | Desolati | namelastname112: фу блять
 63062 | Vaults:2 | Reached skill level 16 in Stealth
 63618 | D:10     | epen: чё-то вся кравло туса слилась
 63644 | D:10     | namelastname112: да
 63644 | D:10     | namelastname112: тут ты прав
 63644 | D:10     | namelastname112: даже треда нет
 63652 | D:10     | You paid a toll of a +5 demon whip to enter a treasure trove
 63653 | Trove    | Entered a treasure trove
 63658 | Trove    | Got a scintillating silver amulet
 63662 | Trove    | Got a translucent crystal amulet
 63665 | Trove    | Got a pitted lapis lazuli ring
 63667 | Trove    | Got a smoking bone ring
 63683 | Trove    | Identified the ring of Zenuxt {rC++ MR- AC+1 Dex+6} (You found it in a treasure trove)
 63685 | Trove    | Identified the amulet of Conwuano {Gourm rElec rPois MR+} (You found it in a treasure trove)
 63686 | Trove    | Identified the ring "Lac Xacw" {*Tele Str+5} (You found it in a treasure trove)
 63688 | Trove    | Identified the amulet of Fequasach {+Rage Int+2} (You found it in a treasure trove)
 63693 | Trove    | Got a steaming lapis lazuli ring
 63694 | Trove    | Identified the ring "Viubinodo" {Fire Str+4 Dex+6} (You found it in a treasure trove)
 63702 | Trove    | epen: Слыш
 63707 | Trove    | epen: поиграй в Hollow Knight
 63713 | Trove    | Got a pitted silver amulet
 63717 | Trove    | Identified the amulet "Jank" {RegenMP rF- rN+ Int+4 Slay+2} (You found it in a treasure trove)
 63718 | Trove    | epen: Метроидвания если чё
 63719 | Trove    | namelastname112: слыхал
 64079 | Vaults:2 | Reached XP level 21. HP: 163/163 MP: 29/35
 64757 | Vaults:2 | namelastname112: ,бля
 64757 | Vaults:2 | namelastname112: хочу пятыйвзять
 64757 | Vaults:2 | namelastname112: но лень пиздец
 64932 | Vaults:2 | epen: ну обидно на 6-ом заканчивать
 64937 | Vaults:2 | epen: да
 64961 | Vaults:2 | epen: это как мне
 64994 | Vaults:2 | epen: обидно на первом
 65052 | Vaults:2 | epen: но там другое дело немного
 65528 | Vaults:2 | Found Fezips's Antique Weapon Shoppe.
 65595 | Vaults:1 | epen: лол
 65595 | Vaults:1 | epen: а давай ты не умрёшь?
 65981 | Vaults:2 | Reached skill level 15 in Fighting
 66253 | Vaults:3 | namelastname112: невидимый имя
 67183 | Vaults:3 | Learned a level 3 spell: Regeneration
 67187 | Vaults:3 | Learned a level 3 spell: Spectral Weapon
 67346 | Vaults:3 | epen: слыш
 67348 | Vaults:3 | epen: Давай это
 67369 | Vaults:3 | epen: Какую-нибудь охуенную армейскую историю
 67415 | Vaults:3 | namelastname112: короче
 67415 | Vaults:3 | namelastname112: до дома неделя
 67415 | Vaults:3 | namelastname112: время около восьми
 67415 | Vaults:3 | namelastname112: старшина говорит, мол
 67415 | Vaults:3 | namelastname112: бля
 67415 | Vaults:3 | namelastname112: у нас есть такая хуйня
 67415 | Vaults:3 | namelastname112: старый клуб
 67415 | Vaults:3 | namelastname112: юзается как склад
 67415 | Vaults:3 | namelastname112: там просто горы всякой хуйни
 67415 | Vaults:3 | namelastname112: в одной комнате были шкафы разобранные
 67415 | Vaults:3 | namelastname112: пиздец сколько
 67415 | Vaults:3 | namelastname112: как на складе икеи или типа того
 67415 | Vaults:3 | namelastname112: и он говорит, мол
 67415 | Vaults:3 | namelastname112: это все надо телепортировать в соседнее здание
 67415 | Vaults:3 | namelastname112: а мне так лень было
 67415 | Vaults:3 | namelastname112: мы с челом просто уебались на гору матрасов
 67415 | Vaults:3 | namelastname112: сидели в телефонах
 67415 | Vaults:3 | namelastname112: старшина один хуй в наряде был
 67415 | Vaults:3 | namelastname112: не придет
 67415 | Vaults:3 | namelastname112: как мы думали
 67415 | Vaults:3 | namelastname112: он пришел
 67415 | Vaults:3 | namelastname112: стоит такой
 67415 | Vaults:3 | namelastname112: смотрит
 67415 | Vaults:3 | namelastname112: а мы даже не встаем
 67415 | Vaults:3 | namelastname112: он нас на телефон сфоткал
 67415 | Vaults:3 | namelastname112: показал там кэпу одному
 67415 | Vaults:3 | namelastname112: он нас разъебал
 67415 | Vaults:3 | namelastname112: отобрал телефоны
 67415 | Vaults:3 | namelastname112: ну я не свой отдал, так что похуй
 67415 | Vaults:3 | epen: лол
 67415 | Vaults:3 | epen: а чей?
 67415 | Vaults:3 | namelastname112: на следующее утро отдал
 67415 | Vaults:3 | namelastname112: так что
 67415 | Vaults:3 | namelastname112: урок не усвоен
 67415 | Vaults:3 | namelastname112: да нерабочий сунул
 67415 | Vaults:3 | namelastname112: который мы на крыше нашли
 67637 | Vaults:3 | epen: на кой хуй ты с собой нерабочий мобос с собой тоскаешь?
 67813 | Vaults:3 | namelastname112: именно на такой хуй
 67813 | Vaults:3 | namelastname112: чтобы сдать при палеве
 68004 | Vaults:3 | Found a staircase to the Crypt.
 68986 | Vaults:4 | epen: давай йоло теле
 68986 | Vaults:4 | oops
 68987 | Vaults:4 | epen: у тебя тут особо шансов-то нет
 68989 | Vaults:4 | epen: хотя
 69000 | Vaults:4 | epen: лол
 69000 | Vaults:4 | epen: привет
 69010 | Vaults:3 | epen: опа
 69012 | Vaults:3 | epen: Стой
 69016 | Vaults:3 | epen: Не убивай
 69017 | Vaults:3 | epen: сука
 69018 | Vaults:3 | epen: он помочь пришёл
 69030 | Vaults:3 | epen: ты блять думаешь что это совпадение?
 69342 | Vaults:3 | Identified a scroll of acquirement
 69342 | Vaults:3 | epen: что после того как ты с трудом выжил
 69342 | Vaults:3 | epen: и выбираешься
 69342 | Vaults:3 | epen: появляетс из ниоткуда скелет
 69342 | Vaults:3 | namelastname112: че просить
 69342 | Vaults:3 | epen: мммм
 69342 | Vaults:3 | epen: Ну
 69342 | Vaults:3 | epen: Если палок нет
 69342 | Vaults:3 | namelastname112: армор наверн
 69342 | Vaults:3 | epen: то палки
 69342 | Vaults:3 | namelastname112: нахуй мне палки
 69344 | Vaults:3 | epen: ну там хаст
 69354 | Vaults:3 | epen: теле
 69355 | Vaults:3 | epen: бл
 69355 | Vaults:3 | epen: погоди
 69355 | Vaults:3 | epen: покажи
 69355 | Vaults:3 | epen: армер
 69355 | Vaults:3 | epen: бля
 69356 | Vaults:3 | epen: пиздец ты бедный
 69475 | Vaults:4 | Reached skill level 15 in Hexes
 69901 | Vaults:4 | namelastname112: блять
 69901 | Vaults:4 | namelastname112: че он тут делает
 69901 | Vaults:4 | namelastname112: иди в зот обратно
 70091 | Vaults:4 | Found Edobaah's Weapon Shop.
 70112 | Vaults:4 | namelastname112: ножик хороший
 70306 | Vaults:4 | Reached XP level 22. HP: 135/174 MP: 36/36
 71177 | Vaults:4 | Cast into level 3 of the Abyss (a deep elf sorcerer)
 71196 | Abyss:3  | Found a corrupted altar of Lugonu.
 71637 | Abyss:3  | Got an abyssal rune of Zot
 71692 | Abyss:3  | Reached skill level 10 in Translocations
 71718 | Abyss:3  | Gained mutation: You are dopey. (Int -2) [a neqoxec]
 71720 | Abyss:3  | Gained mutation: You are very frail. (-20% HP) [a neqoxec]
 71732 | Abyss:3  | Lost mutation: Your muscles are strong. (Str +2) [a neqoxec]
 71773 | Vaults:4 | Escaped the Abyss
 71907 | Vaults:4 | HP: 4/155 [titan/the air (40)]
 71936 | Vaults:4 | Killed from afar by a titan

Vault maps used:
D:1:      dpeg_arrival_line_fractal
D:3:      good_gods_mini_temple, first_bread, uniq_ijyb, uniq_natasha,
          uniq_terence
D:4:      minmay_bisected
D:5:      led_sif_pool, minmay_temple_entry_butterflies
D:6:      uniq_sigmund, uniq_edmund, uniq_blork_the_orc
D:8:      minmay_lair_entry_lava, uniq_erica
D:9:      grunt_temple_overflow_open, orc_0_dummy, serial_shops, shop,
          grunt_ogre_cave
D:10:     enter_trove_6
D:11:     nrook_guardian_serpent_snake_passage, nicolae_gozag_seed_capital
D:12:     minmay_three_doors
D:13:     serial_shops, shop, hangedman_abyss_or_decor_slice
D:14:     kennysheep_four_of_diamonds, grunt_vaults_entry_tiered, uniq_urug
D:15:     hangedman_spin_cycle, serial_shops
Temple:   oiseaux_autumnal_temple
Lair:1:   cheibrodos_lair_lostbears
Lair:3:   minmay_lindwurm_lava, serial_bayou_shore_b, lemuel_fruit_fields
Lair:4:   swamp_mist, spider_nest_entry_rubble
Lair:5:   dpeg_slime_entry_corner
Lair:6:   gammafunk_lair_ancient_temple, serial_bayou_shore_b,
          infiniplex_staircase_pool_2, minmay_lair_oklob_chamber
Swamp:1:  hangedman_swamp_ruin_wall, swamp_pool3, roderic_carrion_pond
Swamp:2:  evilmike_swamp_ruin_rubble_1
Spider:1: spider_trap
Spider:2: uniq_asterion, uniq_arachne
Spider:3: nicolae_spider_hall_of_the_moth_king, hangedman_spider_mandibles
Spider:4: floodkiller_spider_rune_tomb, spider_trap, uniq_agnes, uniq_mara
Orc:2:    grunt_orc_community_town_hall, grunt_orc_community_big_house_1,
          grunt_orc_community_big_house_2, grunt_orc_community_house_3,
          grunt_orc_community_house_1, grunt_orc_community_house_1,
          grunt_orc_community_house_2, special_room, serial_shops, shop, shop,
          shop_fountains, nicolae_shop_statue_plus, shop,
          portal_ice_cave_entry_imps
Elf:1:    minmay_elf_arrival_plus, serial_shops, shop, hangedman_elf_disciples,
          nicolae_wwwww, uniq_kirke
Elf:2:    eino_tiny_chamber, grunt_ministairs_10, hangedman_elven_pyramids,
          uniq_donald
Elf:3:    minmay_elf_hall_statues, uniq_roxanne
Vaults:1: nicolae_vaults_network_s, nicolae_vaults_disjoint_gnomons,
          nicolae_vaults_network_square, v_misc_9, nicolae_vaults_rhombus_7,
          vaults_room_large_hall, v_misc_3, nicolae_vaults_specimen_jars,
          v_misc_13, hangedman_vaults_trim, uniq_aizul
Vaults:2: v_rooms_4, st_squares, nicolae_vaults_network_star, v_alt_pattern_3,
          vaults_standard_mumra_enter_the_diamond, dpeg_vaults_monster_box,
          ontoclasm_vaults_ring_large, ontoclasm_vaults_bender, v_misc_8,
          hangedman_vaults_corner, serial_shops,
          nicolae_shop_overgrown_old_shop, portal_desolation_entry_salt
Vaults:3: ontoclasm_vaults_hangar, vaults_room_door_ring,
          vaults_standard_mumra_lines, minmay_crypt_entry_skeletal_spiral,
          vaults_room_grunt_arrival_ludios, special_room_vaults,
          nicolae_vaults_stairing_the_circle, hangedman_vaults_impose,
          grunt_vaults_hallway_long, vaults_dpeg_diagonal
Vaults:4: st_greater_box_5, v_misc_2, hangedman_vaults_slice, v_misc_8,
          nicolae_vaults_yaktaur_gun_rack, v_rooms_1, vaults_room_large_hall,
          nicolae_vaults_network_barrier, ontoclasm_vaults_shuriken, v_misc_26,
          ontoclasm_vaults_hangar, nicolae_vaults_diagonal_hallway_7,
          serial_shops, nicolae_shop_trees
Abyss:3:  doesnt_abyss_rune_brain_food, hangedman_abyss_or_decor_clamps
Trove:    trove_jewellery_lava
IceCv:    ice_cave_small_giant

Skill      XL: |  1  2  3  4  5  6  7  8  9 10 11 12 13 14 15 16 17 18 19 20 21 22 |
---------------+-------------------------------------------------------------------+-----
Dodging        | 1 2 3 4 5 6 7 8 9 10 11 12 13 14 | 14.8
Stealth        | 4 5 6 7 8 9 11 12 13 14 15 16 | 16.8
Throwing       | 2 3 4 5 |  5.7
Short Blades   | 3 4 6 7 8 10 12 | 12.3
Fighting       | 3 4 5 7 8 9 10 11 12 13 14 15 | 15.8
Spellcasting   | 2 6 8 10 | 10.5
Hexes          | 2 5 8 10 11 12 13 15 | 15.4
Translocations | 3 5 7 8 9 10 | 10.0
Shields        | 6 |  6.4
Evocations     | 4 8 |  8.1
Charms         | 11 | 11.0
Air Magic      | 1 6 |  6.8

Action                   |  1- 3 |  4- 6 |  7- 9 | 10-12 | 13-15 | 16-18 | 19-21 | 22-24 || total
-------------------------+-------+-------+-------+-------+-------+-------+-------+-------++-------
Melee: Dagger            |   104 |   393 |   656 |  1197 |  2469 |  1438 |       |       ||  6257
       Tailslap          |    11 |    47 |    97 |   200 |   434 |   228 |   662 |    85 ||  1764
       Short sword       |       |       |       |       |       |    73 |  1281 |       ||  1354
       Quick blade       |       |       |       |       |       |       |  1623 |   342 ||  1965
 Fire: Blowgun           |       |     6 |       |       |     6 |       |       |       ||    12
Throw: Throwing net      |       |       |       |     4 |     1 |     3 |       |       ||     8
       Javelin           |       |       |       |       |    22 |     1 |     4 |       ||    27
 Cast: Dazzling Spray    |       |       |       |    53 |   302 |   225 |    71 |       ||   651
       Blink             |       |       |       |       |     4 |     9 |     7 |     1 ||    21
       Invisibility      |       |       |       |       |     2 |    41 |    32 |     2 ||    77
       Passage of Golubr |       |       |       |       |       |    15 |     3 |     2 ||    20
       Deflect Missiles  |       |       |       |       |       |       |    10 |     3 ||    13
       Tukima's Dance    |       |       |       |       |       |       |    45 |     4 ||    49
       Apportation       |       |       |       |       |       |       |       |     1 ||     1
Invok: Shadow Step       |       |       |       |     1 |       |     2 |     9 |       ||    12
 Abil: Breathe Noxious F |       |       |    11 |    18 |    26 |    12 |    10 |     2 ||    79
       Fly               |       |       |       |     1 |       |       |       |       ||     1
Evoke: Wand              |       |     8 |     1 |     4 |       |     8 |    11 |       ||    32
       Sack of spiders   |       |       |       |       |       |       |     4 |     2 ||     6
       Lightning rod     |       |       |       |       |       |       |     4 |       ||     4
  Use: Potion            |       |       |     1 |     3 |     2 |     5 |     7 |     1 ||    19
       Scroll            |       |       |    18 |    11 |    11 |    10 |    31 |     1 ||    82
 Stab: Sleeping          |     9 |    10 |    12 |    44 |    82 |   112 |   127 |     5 ||   401
       Confused          |       |     2 |     4 |    15 |    27 |     7 |     3 |     1 ||    59
       Distracted        |       |     1 |     2 |     8 |     7 |     6 |    42 |     6 ||    72
       Invisible         |       |       |       |    15 |   106 |   191 |   213 |     1 ||   526
       Held in net/web   |       |       |       |     4 |     1 |       |       |       ||     5
       Paralysed         |       |       |       |       |       |       |     1 |       ||     1
  Eat: Chunk             |     1 |     8 |    11 |    29 |    48 |    39 |    48 |     3 ||   187
       Meat ration       |       |       |     1 |     2 |     3 |     5 |     1 |       ||    12
       Fruit             |       |       |     1 |       |       |       |     2 |       ||     3
       Royal jelly       |       |       |       |       |     6 |     5 |    10 |       ||    21
       Bread ration      |       |       |       |       |       |     1 |     1 |       ||     2
Armor: Skin              |    20 |    85 |    88 |   185 |   251 |   200 |   231 |    19 ||  1079
Dodge: Dodged            |    52 |   186 |   241 |   623 |  1407 |   945 |  1454 |   118 ||  5026
       Deflected         |       |       |       |       |       |       |    39 |     9 ||    48
Block: Other             |    11 |    70 |    92 |   140 |   379 |    90 |       |       ||   782
       Reflection        |       |       |       |       |    15 |     7 |    14 |     2 ||    38
       Buckler           |       |       |       |       |       |   356 |   805 |    30 ||  1191
